 Dungeon Crawl Stone Soup version 0.28.0-43-g3370ac3207 (webtiles) character file.

Game seed: 13828726967800765043

44541 boopmooplesden the Severer (level 13, 0/116 HPs)
             Began as a Minotaur Berserker on Mar 12, 2022.
             Was a High Priest of Trog.
             Killed from afar by an efreet (36 damage)
             ... with a bolt of fire
             ... on level 13 of the Dungeon.
             The game lasted 00:22:49 (14396 turns).

boopmooplesden the Severer (Minotaur Berserker)    Turns: 14396, Time: 00:22:49

Health: 0/116      AC: 22    Str: 26    XL:     13   Next: 96%
Magic:  22/22      EV: 11    Int:  6    God:    Trog [*****.]
Gold:   902        SH:  0    Dex: 12    Spells: 12/12 levels left

rFire   . . .      SeeInvis .   a - +2 battleaxe (elec)
rCold   + + +      Faith    .   (shield currently unavailable)
rNeg    . . .      Spirit   .   E - +2 chain mail {rC+}
rPois   .          Reflect  .   (helmet restricted)
rElec   .          Harm     .   g - scarf {repulsion}
rCorr   .          Rampage  .   l - +2 pair of gloves
Will    .....                   (no boots)
Stlth   ..........              (no amulet)
HPRegen 0.29/turn               e - +4 ring of protection
MPRegen 0.18/turn               Z - ring of Piho {rC++ MP+9 Str+3}

@: repel missiles
A: horns 2, retaliatory headbutt
a: Renounce Religion, Berserk, Trog's Hand, Brothers in Arms


You were on level 13 of the Dungeon.
You worshipped Trog.
Trog was extremely pleased with you.
You visited 1 branch of the dungeon, and saw 13 of its levels.
You also visited: Bailey.

You collected 1028 gold pieces.
You spent 126 gold pieces at shops.

Inventory:

Hand Weapons
 a - a +2 battleaxe of electrocution (weapon)
 J - the +7 battleaxe "Emmopi" {vorpal, Dex+3}
   (Trog gifted it to you on level 9 of the Dungeon)

   It inflicts extra damage upon your enemies.
   Dex:       It affects your dexterity (+3).
 P - a +1 scimitar of flaming
Missiles
 w - 2 throwing nets (quivered)
Armour
 g - a scarf of repulsion (worn)
 l - a +2 pair of gloves (worn)
 E - a +2 chain mail of cold resistance (worn)
 N - a +0 pair of gloves of stealth
Jewellery
 e - a +4 ring of protection (left hand)
 j - an amulet of magic regeneration
 q - a ring of protection from cold
 u - a ring of willpower
 A - a +4 ring of protection
 K - an amulet of reflection
 M - a ring of ice
 S - a +6 ring of strength
 T - a ring of resist corrosion
 Z - the ring of Piho (right hand) {rC++ MP+9 Str+3}
   (You found it on level 12 of the Dungeon)

   [ring of magical power]

   Str:       It affects your strength (+3).
   rC:        It greatly protects you from cold.
   MP:        It affects your magic capacity (+9).
Wands
 c - a wand of polymorph (13)
 p - a wand of iceblast (4)
 B - a wand of acid (14)
 H - a wand of paralysis (10)
 O - a wand of digging (3)
 U - a wand of mindburst (3)
Scrolls
 b - a scroll of enchant weapon
 o - 2 scrolls of enchant armour
 x - 3 scrolls of fear
 y - 2 scrolls of brand weapon
 D - a scroll of summoning
 I - 2 scrolls of identify
 R - a scroll of magic mapping
 W - a scroll of teleportation
Potions
 d - 3 potions of flight
 h - 2 potions of attraction
 k - a potion of ambrosia
 m - a potion of might
 r - 4 potions of lignification
 s - 3 potions of cancellation
 t - 3 potions of heal wounds
 z - 2 potions of mutation
 C - a potion of berserk rage
 G - 3 potions of curing
 V - 2 potions of haste {unknown}
 Y - a potion of resistance {unknown}
Miscellaneous
 X - a phantom mirror


   Skills:
 + Level 11.6 Fighting
 + Level 1.2(1.7) Short Blades
 + Level 2.1(2.3) Long Blades
 + Level 18.3 Axes
 + Level 1.3(12.1) Maces & Flails
 + Level 1.3(12.1) Polearms
 + Level 1.7(2.2) Staves
 + Level 1.2(1.5) Slings
 + Level 1.2 Bows
 + Level 1.2 Crossbows
 + Level 1.1(1.3) Throwing
 + Level 13.5 Armour
 + Level 7.3 Dodging
 + Level 3.1 Stealth
 + Level 1.3 Shields
 + Level 1.2 Unarmed Combat
 + Level 1.4 Invocations
 + Level 1.3 Evocations


You had 12 spell levels left.
You didn't know any spells.
Your spell library was empty.

Dungeon Overview and Level Annotations

Branches:
Dungeon (13/15)            Temple (0/1) D:7            Lair (0/6) D:8
    Orc (0/2) D:10         Vaults (0/5) D:13         Bailey (visited)

Altars:
Ashenzari
Fedhas
Nemelex Xobeh
The Shining One

Shops:
D:7 ?   D:10 [[

Portals:
Trove: D:11 (give 17 scrolls of teleportation)


Innate Abilities, Weirdness & Mutations

You have a pair of horns on your head.
You reflexively headbutt those who attack you in melee.


Message History

The two-headed ogre moves out of view.
The meliai moves out of view.
Found 14 gold pieces.
Found a gate to the Vaults.
The vault guard is engulfed in blazing flames.
The slime creature is engulfed in blazing flames.
The shadow slips into darkness.
The shadow flickers and vanishes!
Deactivating autopickup; reactivate with Ctrl-A.
The centaur warrior wields a +0 shortbow.
The centaur warrior shoots an arrow.
The arrow hits you!
The cyclops throws a large rock.
The meliai calls down the wrath of its god upon you.
Something smites you!
The centaur warrior shoots an arrow.
Reactivating autopickup.
The centaur warrior shoots an arrow.
The arrow closely misses you.
The centaur warrior shoots an arrow.
The arrow hits you!!
The centaur warrior shoots an arrow.
The arrow hits you!
The centaur warrior shoots an arrow.
The arrow hits you.
The centaur warrior shoots an arrow.
The arrow closely misses you.
The centaur warrior shoots an arrow.
The arrow closely misses you.
The centaur warrior shoots an arrow.
The arrow hits you!
The cyclops throws a large rock.
The large rock barely misses you.
The centaur warrior shoots an arrow.
The arrow hits you.
The centaur warrior shoots an arrow.
The arrow misses you. The meliai closely misses you. You furiously retaliate!
You headbutt the meliai! The meliai completely misses you.
The centaur warrior shoots an arrow.
The arrow hits you. The meliai barely misses you.
The meliai stings you but does no damage.
The centaur warrior shoots an arrow.
The arrow hits you but does no damage. The meliai completely misses you.
The meliai misses you. The efreet gestures at you. The bolt of fire hits you.
The meliai hits you but does no damage. The meliai misses you.
The efreet gestures at you. The bolt of fire misses you.
The meliai closely misses you.
The meliai stings you but does no damage.
The efreet gestures at you. The bolt of fire hits you!!!
You die...

..... ... #+##....#.....
#[..#####..#.........
+..........^........#
.#.............###...# ##.##
...[.................#......
....................# ......
...............>@...# ......
..............°Ry...##......
............................
#.......##................
##.....####...##p#........
##...## ##..##.#........
##c## ##...#p#........


Jyp. ##....#p#........ .#...# ##.O....C#.#...... You could see 3 vault guards,
an efreet and a meliai.

Vanquished Creatures
  An orc warlord (Bailey)
  The ghost of unlimited1921 the Ogre Mage, a journeyman OgFE of Yredelemnul (D:12)
  Fannar (D:10)
  2 boulder beetles
  A hydra (D:12)
  Erica (D:10)
  2 two-headed ogres
  Urug (D:10)
  Pikel (D:7)
  A deep elf pyromancer (D:7)
  An orc knight (Bailey)
  2 ugly things
  A cyclops (D:12)
  Maurice (D:10)
  A centaur zombie (D:12)
  3 spectral centaurs (D:12)
  Joseph (D:10)
  An unseen horror (D:11)
  A gargoyle (D:11)
  4 komodo dragons
  A harpy zombie (D:12)
  5 trolls
  Grinder (D:5)
  4 centaur simulacra (D:12)
  2 shadows
  2 wraiths
  30 yaks
  2 wyverns
  4 vampire mosquitoes (D:12)
  3 water moccasins
  An acid dragon (D:6)
  2 ice beasts
  17 orc warriors
  A sky beast (D:7)
  2 ogres (D:5)
  3 necrophages
  2 wolves (D:8)
  A centaur (D:12)
  4 phantoms
  A lemure (D:7)
  A kobold brigand (D:8)
  2 bullfrogs
  2 gnoll sergeants
  3 scorpions
  A water moccasin zombie (D:5)
  10 killer bees
  3 electric eels (D:8)
  5 wights (D:7)
  3 howler monkeys
  2 lava snakes (D:10)
  A bullfrog zombie (D:7)
  2 bullfrog skeletons (D:7)
  7 hounds
  A jelly (D:4)
  Crazy Yiuf (D:3)
  2 gnoll shamans
  5 orc priests
  2 centaur skeletons
  Ijyb (D:3)
  4 iguanas
  8 orc wizards
  2 killer bee zombies
  A hound skeleton (D:4)
  2 howler monkey zombies
  6 adders
  35 gnolls
  A howler monkey skeleton (D:6)
  2 worms (D:3)
  51 orcs
  An endoplasm (D:2)
  5 giant cockroaches
  24 goblins
  11 hobgoblins
  8 jackals
  12 kobolds
  4 quokkas
  7 ball pythons
  6 bats
  2 frilled lizards
  5 rats
367 creatures vanquished.

Vanquished Creatures (others)
  A shadow (D:13)
  A rat (D:3)
  2 fungi (D:3)
4 creatures vanquished.

Grand Total: 371 creatures vanquished

Notes
Turn   | Place    | Note
-------+----------+-------------------------------------------
     0 | D:1      | boopmooplesden the Minotaur Berserker began the quest for
                  | the Orb.
     0 | D:1      | Reached XP level 1. HP: 19/19 MP: 0/0
    30 | D:1      | Found a faded altar of an unknown god.
   222 | D:1      | Reached skill level 4 in Axes
   222 | D:1      | Reached XP level 2. HP: 24/27 MP: 1/1
   832 | D:2      | Reached XP level 3. HP: 33/33 MP: 2/2
   895 | D:2      | Reached XP level 4. HP: 34/41 MP: 3/3
  1052 | D:2      | Reached ** piety under Trog
  1161 | D:2      | Reached skill level 5 in Axes
  1624 | D:3      | Noticed Ijyb
  1635 | D:3      | Killed Ijyb
  1638 | D:3      | Reached XP level 5. HP: 47/47 MP: 4/4
  1881 | D:3      | You fall into a shaft and drop 2 floors!
  1881 | D:5      | Entered Level 5 of the Dungeon
  1890 | D:5      | Noticed a phantom
  1898 | D:5      | Killed a phantom
  1899 | D:5      | Reached skill level 6 in Axes
  1901 | D:5      | Reached skill level 5 in Fighting
  1901 | D:5      | Reached XP level 6. HP: 56/56 MP: 5/5
  2006 | D:5      | Reached skill level 7 in Axes
  2110 | D:5      | Reached XP level 7. HP: 25/61 MP: 6/6
  2353 | D:5      | Noticed a two-headed ogre
  2358 | D:5      | Reached skill level 5 in Armour
  2365 | D:5      | Killed a two-headed ogre
  2366 | D:5      | Reached skill level 9 in Axes
  2366 | D:5      | Reached XP level 8. HP: 69/71 MP: 7/7
  2896 | D:5      | Noticed Grinder
  2906 | D:5      | Killed Grinder
  2907 | D:5      | Reached skill level 10 in Axes
  3775 | D:4      | Reached XP level 9. HP: 76/78 MP: 8/8
  4334 | D:3      | Reached *** piety under Trog
  4552 | D:3      | Found a runed translucent door.
  4553 | D:3      | Noticed Crazy Yiuf
  4558 | D:3      | Killed Crazy Yiuf
  5095 | D:6      | Reached skill level 11 in Axes
  5095 | D:6      | Reached skill level 1 in Stealth
  5567 | D:7      | Found a blossoming altar of Fedhas.
  5629 | D:7      | Found a staircase to the Ecumenical Temple.
  5910 | D:7      | Noticed Pikel
  5923 | D:7      | Killed Pikel
  5928 | D:7      | Reached skill level 12 in Axes
  6022 | D:7      | Reached skill level 5 in Dodging
  6022 | D:7      | Reached XP level 10. HP: 79/88 MP: 9/9
  6093 | D:7      | Reached **** piety under Trog
  6157 | D:7      | Found a flagged portal.
  6167 | Bailey   | Entered a bailey
  6390 | Bailey   | Reached skill level 10 in Armour
  7116 | Bailey   | Noticed an orc warlord
  7148 | Bailey   | Reached skill level 13 in Axes
  7150 | Bailey   | Killed an orc warlord
  7152 | Bailey   | HP: 3/90 [gnoll/+0 hand axe (3)]
  7488 | Bailey   | Noticed an orc knight
  7517 | Bailey   | Killed an orc knight
  7760 | D:7      | Found Jumeim's Magic Scroll Shop.
  7941 | D:7      | Reached skill level 14 in Axes
  7942 | D:7      | Noticed a deep elf pyromancer
  7954 | D:7      | Killed a deep elf pyromancer
  7955 | D:7      | Reached XP level 11. HP: 55/97 MP: 10/10
  8596 | D:8      | Found a staircase to the Lair.
  8940 | D:8      | Reached ***** piety under Trog
  8942 | D:8      | Reached skill level 15 in Axes
  9623 | D:9      | Identified the +7 battleaxe "Emmopi" {vorpal, Dex+3} (Trog
                  | gifted it to you on level 9 of the Dungeon)
  9623 | D:9      | Received a gift from Trog
  9918 | D:9      | Noticed a cyan ugly thing
  9922 | D:9      | Killed a cyan ugly thing
  9930 | D:9      | Noticed a boulder beetle
 10007 | D:9      | Killed a boulder beetle
 10008 | D:9      | Reached skill level 10 in Fighting
 10008 | D:9      | Reached skill level 16 in Axes
 10435 | D:9      | Found a sparkling altar of Nemelex Xobeh.
 10607 | D:10     | Entered Level 10 of the Dungeon
 10607 | D:10     | Noticed Erica
 10615 | D:10     | Killed Erica
 10638 | D:10     | Found a glowing golden altar of the Shining One.
 10643 | D:10     | Found a broken altar of Ashenzari.
 10864 | D:10     | Noticed Maurice
 10869 | D:10     | Killed Maurice
 10887 | D:10     | Noticed Fannar
 10894 | D:10     | Killed Fannar
 10895 | D:10     | Reached XP level 12. HP: 106/106 MP: 11/11
 10954 | D:10     | Found a staircase to the Orcish Mines.
 10959 | D:10     | Found Intem's Armour Boutique.
 10979 | D:10     | Bought a +0 pair of gloves of stealth for 126 gold pieces
 11031 | D:10     | Found Baes's Antique Armour Shoppe.
 11031 | D:10     | Noticed Joseph
 11038 | D:10     | Killed Joseph
 11463 | D:10     | Noticed Urug
 11469 | D:10     | Killed Urug
 11633 | D:11     | Noticed a two-headed ogre
 11638 | D:11     | Killed a two-headed ogre
 11639 | D:11     | Reached skill level 17 in Axes
 11889 | D:11     | Found a portal to a secret trove of treasure.
 12017 | D:11     | Received a gift from Trog
 12613 | D:12     | Found a runed translucent gate.
 12613 | D:12     | Found a runed translucent gate.
 12613 | D:12     | Found a runed translucent gate.
 12622 | D:12     | Noticed unlimited1921's ghost (journeyman OgFE)
 12986 | D:12     | Noticed a five-headed hydra
 12997 | D:12     | Killed a one-headed hydra
 13336 | D:12     | Noticed a boulder beetle
 13349 | D:12     | Killed a boulder beetle
 13522 | D:12     | Reached skill level 1 in Long Blades
 14165 | D:12     | Reached skill level 18 in Axes
 14184 | D:12     | Killed unlimited1921's ghost
 14212 | D:12     | Identified the ring of Piho {rC++ MP+9 Str+3}
 14286 | D:12     | Reached skill level 1 in Short Blades
 14286 | D:12     | Reached skill level 1 in Maces & Flails
 14286 | D:12     | Reached skill level 1 in Polearms
 14286 | D:12     | Reached skill level 1 in Staves
 14286 | D:12     | Reached skill level 1 in Slings
 14286 | D:12     | Reached skill level 1 in Bows
 14286 | D:12     | Reached skill level 1 in Crossbows
 14286 | D:12     | Reached skill level 1 in Throwing
 14286 | D:12     | Reached skill level 1 in Shields
 14286 | D:12     | Reached skill level 1 in Unarmed Combat
 14286 | D:12     | Reached skill level 1 in Invocations
 14286 | D:12     | Reached skill level 1 in Evocations
 14286 | D:12     | Reached XP level 13. HP: 107/116 MP: 13/13
 14370 | D:13     | Found a gate to the Vaults.
 14396 | D:13     | Killed from afar by an efreet

Illustrated notes

Levels and vault maps discovered:
D:1:      amcnicky_arrival_flooded_fountain, layout_loops_cross,
          hellmonk_ecumenical_altar_pennies_from_heaven
D:2:      layout_loops_cross
D:3:      layout_rooms, cheibrodos_sewer_entry_bend, uniq_crazy_yiuf_cottage,
          uniq_ijyb
D:4:      layout_basic, grunt_ministairs_3
D:5:      layout_rooms, minmay_divided_ellipse, uniq_grinder
D:6:      layout_cave_pools
D:7:      minmay_chambers_of_sixes, layout_basic, mainiacjoe_overflow_brackets,
          minmay_temple_entry_statues_pillars, enter_bailey_5, serial_shops,
          nicolae_shop_advertising_works [nicolae_subvault_shop_adworks],
          uniq_pikel
D:8:      layout_basic, erik_lair_island, skrybe_limestone_x,
          minmay_misc_feat_cross
D:9:      layout_basic, lemuel_coloured_pillars_altar, minmay_three_doors
D:10:     layout_loops_cross, mainiacjoe_overflow_catch_the_wave, orc_david_3,
          serial_shops, shop_statue, uniq_urug, uniq_fannar, uniq_erica,
          uniq_maurice, uniq_joseph
D:11:     layout_basic, nicolae_trove_entry_crossroad
D:12:     layout_loops_corners, gammafunk_ghost_necromancy
D:13:     layout_basic, lightli_vaults_fourway_checkpoint, minivault_22,
          uniq_frances

Skill      XL: |  1  2  3  4  5  6  7  8  9 10 11 12 |
---------------+-------------------------------------+-----
Axes           | 4 5 6 7 9 10 12 14 16 18 | 18.3
Fighting       | 4 5 6 7 9 10 11 | 11.6
Armour         | 3 4 6 7 9 10 12 13 | 13.5
Dodging        | 3 5 6 7 |  7.3
Stealth        | 1 2 3 |  3.1
Long Blades    | 2 |  2.1
Short Blades   | 1 |  1.2
Maces & Flails | 1 |  1.3
Polearms       | 1 |  1.3
Staves         | 1 |  1.7
Slings         | 1 |  1.2
Bows           | 1 |  1.2
Crossbows      | 1 |  1.2
Throwing       | 1 |  1.1
Shields        | 1 |  1.3
Unarmed Combat | 1 |  1.2
Invocations    | 1 |  1.4
Evocations     | 1 |  1.3

Action                   |  1- 3 |  4- 6 |  7- 9 | 10-12 | 13-15 || total
-------------------------+-------+-------+-------+-------+-------++-------
Melee: Hand axe          |    54 |    88 |   241 |   126 |       ||   509
       Headbutt          |     7 |     7 |    59 |   118 |     1 ||   192
       Punch             |       |     2 |    12 |     2 |       ||    16
       Battleaxe         |       |       |       |   402 |     2 ||   404
       Scimitar          |       |       |       |     8 |       ||     8
Throw: Throwing net      |       |       |       |     2 |       ||     2
Invok: Berserk           |     2 |     3 |     6 |    11 |       ||    22
  Use: Scroll            |     2 |     2 |     7 |    13 |       ||    24
       Potion            |       |       |       |     5 |       ||     5
 Stab: Sleeping          |     1 |       |       |       |       ||     1
       Held in net/web   |       |       |       |     1 |       ||     1
Armor: Scale mail        |    18 |    41 |   100 |    58 |       ||   217
       Animal skin       |     1 |       |       |       |       ||     1
       Chain mail        |       |       |       |   220 |     9 ||   229
Dodge: Dodged            |    41 |    53 |   106 |   299 |    14 ||   513
       Repelled          |       |       |       |     6 |       ||     6
